 Dungeon Crawl Stone Soup version 0.18.1-48-g4cf74bf (webtiles) character file.

1178 hannobal the Disciple (level 8, -7/48 HPs)
             Began as an Octopode Ice Elementalist on July 12, 2016.
             Was an Initiate of Sif Muna.
             Killed from afar by an orc wizard (9 damage)
             ... with a magic dart
             ... on level 5 of the Dungeon on July 13, 2016.
             The game lasted 00:23:59 (7144 turns).

hannobal the Disciple (Octopode Ice Elementalist)   Turns: 7144, Time: 00:23:59

Health: -7/48      AC:  7    Str:  7    XL:     8   Next: 41%
Magic:  5/14       EV: 12    Int: 20    God:    Sif Muna [......]
Gold:   175        SH:  0    Dex: 12    Spells: 4 memorised, 3 levels left

rFire  x . .     SeeInvis .     a - +0 trident
rCold  + . .     Gourm    +     (no shield)
rNeg   . . .     Faith    .     (helmet restricted)
rPois  .         Spirit   .     q - amulet of the gourmand
rElec  .         Dismiss  .     z - ring of ice
rCorr  .         Reflect  .     (no ring)
SustAt .         Harm     .     (no ring)
MR     .....                    (no ring)
Stlth  +++.......               (no ring)
                                (no ring)
                                (no ring)
                                (no ring)

@: icy armour, slow, not resistant to hostile enchantments, fairly stealthy
A: almost no armour, amphibious, 8 rings, constrict 8, camouflage 1, gelatinous
body 1
a: Renounce Religion


You were on level 5 of the Dungeon.
You worshipped Sif Muna.
Sif Muna was noncommittal.
You were not hungry.

You visited 2 branches of the dungeon, and saw 6 of its levels.
You also visited: Ossuary.

You collected 175 gold pieces.

Inventory:

Hand Weapons
 a - a +0 trident (weapon)
 b - a +0 whip of freezing
 u - a +0 war axe
 y - a +0 hunting sling
 D - a +0 flail
Missiles
 c - 70 bolts
 e - 6 javelins
 j - 61 arrows
 k - 4 needles of confusion
 s - 159 stones (quivered)
 B - 5 tomahawks
 C - 14 poisoned needles
Magical Staves
 E - an uncursed staff of wizardry
Jewellery
 g - an uncursed amulet of harm
 q - an amulet of the gourmand (around mantle)
 z - a ring of ice (left tentacle)
Wands
 l - a wand of paralysis (11/24)
 r - a wand of lightning (4/15)
Scrolls
 i - 5 scrolls of identify
 m - 3 scrolls of magic mapping
 o - 5 scrolls of remove curse
 p - 4 scrolls of teleportation
 t - 4 scrolls of enchant armour
Potions
 n - 4 potions of curing
 v - a potion of brilliance
 A - a potion of lignification
Books
 d - a book of Frost

   Spells                             Type                      Level
   a - Freeze                         Ice                          1
   b - Throw Frost                    Conjuration/Ice              2
   c - Ozocubu's Armour               Charms/Ice                   3
   d - Throw Icicle                   Conjuration/Ice              4
   e - Summon Ice Beast               Ice/Summoning                4
Comestibles
 f - 3 bread rations
 h - a meat ration


   Skills:
 - Level 1.0 Fighting
 - Level 2.0 Dodging
 - Level 3.0 Stealth
 - Level 4.1 Spellcasting
 - Level 3.0 Conjurations
 - Level 1.0 Charms
 - Level 4.0 Summonings
 - Level 5.2 Ice Magic
 + Level 5.5 Invocations


You had 3 spell levels left.
You knew the following spells:

 Your Spells              Type           Power        Failure   Level  Hunger
b - Summon Ice Beast      Ice/Summ       ####....     21%         4    ####...
i - Throw Icicle          Conj/Ice       ####....     24%         4    ####...
o - Ozocubu's Armour      Chrm/Ice       ###.....     12%         3    ###....
z - Freeze                Ice            ####         1%          1    None


Dungeon Overview and Level Annotations

Branches:
Dungeon (5/15)             Temple (1/1) D:4

Altars:
Ashenzari
Dithmenos
Elyvilon
Kikubaaqudgha
Makhleb
Nemelex Xobeh
Okawaru
Pakellas
Ru
Sif Muna
Trog
Xom
Yredelemnul
Zin
The Shining One

Annotations:
D:4 exclusion: door


Innate Abilities, Weirdness & Mutations

You cannot wear most types of armour.
You are amphibious.
You can wear up to eight rings at the same time.
You can use your tentacles to constrict eight enemies at once.
Your skin changes colour to match your surroundings (Stealth).
Your rubbery body absorbs attacks (AC +1).


Message History

The hound bites you.
* * * LOW HITPOINT WARNING * * *
Casting: Summon Ice Beast
Confirm with . or Enter, or press ? or * to list all spells.
Aiming: Freeze
Press: ? - help, Shift-Dir - straight line, f - orc
Aim: an orc, wielding a dagger You feel a surge of power!
You freeze the orc.
You kill the orc!
The hound bites you.
* * * LOW HITPOINT WARNING * * *
Your ice beast hits the hound.
Your ice beast freezes the hound!
The hound dies!
Casting: Freeze
Confirm with . or Enter, or press ? or * to list all spells.
You can't see any susceptible monsters within range! (Use Z to cast anyway.) Unknown command.
The orc wizard casts a spell at you. The magic dart hits you!
You die...

..'.............Y......
.#..........o######...
..###...........# ###Y..
................# #.....
...#............####.#...
...............Y........>
.######..........)...####.#...
................Y..).# #.#...
#.........@###########.#...
#...<......###...........#.
#..........#.............#.
#..........#.............#.
#.....<....#...##......###.
..##..........#...##......###.
..............#...........#...
.###..........#......####>....
#..........#.......# ###...


You could see an orc wizard and 2 friendly ice beasts.

Vanquished Creatures
  Pikel (D:5)
  A slave (D:5)
  A water moccasin skeleton (D:4)
  A scorpion (D:5)
  A crimson imp (D:5)
  2 hounds (D:4)
  An orc priest (D:3)
  An orc wizard (D:3)
  An iguana (D:4)
  2 worker ants (D:4)
  7 adders
  An ooze (D:2)
  An adder skeleton (D:5)
  6 worms
  A dart slug (D:3)
  4 giant geckos
  6 orcs
  3 ball pythons
  2 bats (D:1)
  5 giant cockroaches
  3 goblins (D:1)
  7 hobgoblins
  11 jackals
  3 kobolds
  3 quokkas
  3 giant newts
  10 rats
88 creatures vanquished.

Vanquished Creatures (collateral kills)
  Grinder (D:5)
  Duvessa (D:5)
  2 slaves (D:4)
  A sky beast (D:5)
  2 ogres
  A giant frog skeleton (D:4)
  2 orc wizards
  A hound (D:5)
  An orc priest (D:5)
  Crazy Yiuf (D:5)
  An adder (D:4)
  4 gnolls (D:4)
  6 orcs
  2 jackals (D:5)
26 creatures vanquished.

Vanquished Creatures (others)
  Dowan (D:5)
  A jelly (D:5)
  An iguana (D:4)
3 creatures vanquished.

Grand Total: 117 creatures vanquished

Notes
Turn   | Place    | Note
--------------------------------------------------------------
     0 | D:1      | hannobal the Octopode Ice Elementalist began the quest for the Orb.
     0 | D:1      | Reached XP level 1. HP: 11/11 MP: 3/3
   258 | D:1      | Reached XP level 2. HP: 17/17 MP: 3/5
   848 | D:1      | Reached XP level 3. HP: 18/21 MP: 0/6
   859 | D:1      | Learned a level 3 spell: Ozocubu's Armour
  1567 | D:2      | Reached skill level 1 in Charms
  2104 | D:2      | Reached XP level 4. HP: 17/27 MP: 2/7
  2274 | D:2      | Found a shimmering altar of Xom.
  2980 | D:3      | Found a bloodstained altar of Trog.
  3047 | D:3      | Reached skill level 5 in Ice Magic
  3047 | D:3      | Reached XP level 5. HP: 25/31 MP: 4/8
  3077 | D:3      | Learned a level 4 spell: Summon Ice Beast
  3538 | D:3      | Found a shadowy altar of Dithmenos.
  3646 | D:3      | Found a shattered altar of Ashenzari.
  3732 | D:4      | Found a sand-covered staircase.
  3740 | Ossuary  | Entered an ossuary
  4417 | D:4      | Reached skill level 1 in Summonings
  4456 | D:4      | Noticed an ogre
  4459 | D:4      | Reached XP level 6. HP: 25/36 MP: 6/10
  4785 | D:4      | Found an oddly glowing altar of Pakellas.
  4785 | D:4      | Noticed an orange crystal statue
  5295 | D:4      | Reached XP level 7. HP: 38/41 MP: 8/11
  5363 | D:4      | Found a staircase to the Ecumenical Temple.
  5369 | Temple   | Entered the Ecumenical Temple
  5373 | Temple   | Became a worshipper of Sif Muna the Loreminder
  5404 | D:5      | Entered Level 5 of the Dungeon
  5445 | D:5      | Noticed Pikel
  5677 | D:4      | Reached skill level 1 in Fighting
  5827 | D:5      | Learned a level 4 spell: Throw Icicle
  6002 | D:5      | Reached skill level 1 in Invocations
  6165 | D:5      | Killed Pikel
  6201 | D:5      | Noticed Duvessa
  6208 | D:5      | Killed Duvessa
  6211 | D:5      | Noticed Dowan
  6219 | D:5      | Killed Dowan
  6219 | D:5      | Reached XP level 8. HP: 33/48 MP: 1/13
  6358 | D:5      | Found a burning altar of Makhleb.
  6654 | D:5      | Noticed Crazy Yiuf
  6661 | D:5      | Killed Crazy Yiuf
  6839 | D:5      | Noticed Grinder
  6865 | D:5      | Killed Grinder
  7139 | D:5      | Reached skill level 5 in Invocations
  7141 | D:5      | HP: 2/48 [hound (5)]
  7144 | D:5      | Killed from afar by an orc wizard

Skill      XL: |  1  2  3  4  5  6  7  8 |
---------------+-------------------------+-----
Stealth        | 3 |  3.0
Ice Magic      | 4 5 |  5.2
Charms         | 1 |  1.0
Spellcasting   | 3 4 |  4.1
Summonings     | 1 4 |  4.0
Fighting       | 1 |  1.0
Invocations    | 4 5 |  5.5
Conjurations   | 3 |  3.0
Dodging        | |  2.0

Action                   |  1- 3 |  4- 6 |  7- 9 || total
-------------------------+-------+-------+-------++-------
Melee: Spear             |     6 |    16 |     6 ||    28
       Tentacles         |     1 |     5 |     2 ||     8
       Constrict         |     1 |     3 |     4 ||     8
       Staff             |       |       |     1 ||     1
       Whip              |       |       |     4 ||     4
       Trident           |       |       |     1 ||     1
Throw: Stone             |       |     2 |     3 ||     5
 Cast: Freeze            |    58 |    80 |    34 ||   172
       Ozocubu's Armour  |     1 |       |     3 ||     4
       Summon Ice Beast  |       |     6 |    21 ||    27
Evoke: Wand              |       |       |     1 ||     1
  Use: Potion            |     6 |       |     1 ||     7
       Scroll            |     6 |     3 |       ||     9
  Eat: Chunk             |     4 |     7 |    17 ||    28
       Bread ration      |       |     1 |       ||     1
       Royal jelly       |       |     1 |       ||     1
Armor: Skin              |     5 |     1 |     5 ||    11
Dodge: Dodged            |    27 |    30 |    28 ||    85
